 Dungeon Crawl Stone Soup version 0.24-a0-699-g5a66b1aa3b (webtiles) character file.

Game seed: 10417747930348017135, levelgen mode: deterministic

93 Froggeryz the Cudgeler (level 4, -8/39 HPs)
             Began as a Minotaur Abyssal Knight on Sept 29, 2019.
             Was a Believer of Lugonu.
             Killed by nerve-wracking pain
             ... invoked by an orc priest
              (11 damage)
             ... on level 3 of the Dungeon.
             The game lasted 00:02:22 (2371 turns).

Froggeryz the Cudgeler (Minotaur Abyssal Knight)    Turns: 2371, Time: 00:02:23

Health: -8/39      AC:  3    Str: 16 (17) XL:     4   Next: 36%
Magic:  4/4        EV: 11    Int:  6 (9)  God:    Lugonu [**....]
Gold:   96         SH:  0    Dex:  7 (10) Spells: 3/3 levels left

rFire    . . .     SeeInvis .   a - +1 mace
rCold    . . .     Gourm    .   (no shield)
rNeg     . . .     Faith    .   b - +0 leather armour
rPois    .         Spirit   .   (helmet restricted)
rElec    .         Reflect  .   (no cloak)
rCorr    .         Harm     .   (no gloves)
MR       .....                  (no boots)
Stlth    +.........             (no amulet)
HPRegen  0.13/turn              (no ring)
MPRegen  0.09/turn              (no ring)

@: no status effects
A: retaliatory headbutt, horns 2
a: Depart the Abyss, Bend Space, Renounce Religion


You were on level 3 of the Dungeon.
You worshipped Lugonu.
Lugonu was pleased with you.
You were not hungry.

You visited 1 branch of the dungeon, and saw 3 of its levels.
You visited the Abyss 1 time.

You collected 96 gold pieces.

Inventory:

Hand Weapons
 a - a +1 mace (weapon)
 f - a +1 short sword of protection
Armour
 b - a +0 leather armour (worn)
Scrolls
 d - a scroll of enchant weapon {unknown}
 e - 2 scrolls of identify {unknown}
 g - a scroll of random uselessness {unknown}
 h - a scroll of immolation {unknown}
 i - a scroll of enchant armour {unknown}
 k - a scroll of remove curse {unknown}
 n - a scroll of fear {unknown}
Potions
 l - a potion of flight {unknown}
 m - a potion of curing {unknown}
Comestibles
 c - 6 rations
 o - 4 chunks of flesh


   Skills:
 - Level 3.6 Fighting
 * Level 5.7 Maces & Flails
 - Level 2.4 Armour
 - Level 1.1 Dodging
 - Level 1.7 Invocations


You had 3 spell levels left.
You didn't know any spells.
Your spell library was empty.

Dungeon Overview and Level Annotations

Branches:
Dungeon (3/15)

Altars:


Innate Abilities, Weirdness & Mutations

You reflexively headbutt those who attack you in melee.
You have a pair of horns on your head.


Message History

Pain shoots through your body!
You hit the orc priest but do no damage.
The orc priest is lightly wounded.
The orc priest hits you with a +0 whip.
The orc priest hits you with a +0 hand axe.
You are too injured to fight recklessly!
You are too injured to fight recklessly!
You closely miss the orc priest. Your headbutt misses the orc priest.
The orc priest is lightly wounded.
The orc priest hits you but does no damage.
The orc priest calls down the wrath of Beogh upon you.
Beogh smites you!
* * * LOW HITPOINT WARNING * * *
Unknown command.
It was a potion of degeneration.
There was something very wrong with that liquid.
You feel weakened.
You feel dopey.
You feel clumsy.
The orc priest invokes the aid of Beogh against you.
Pain shoots through your body!
You die...

..... .... .... .. #..#
##.$ #..# #.[..
##..##..!. #.oo#...#
#.#@#...### #.#)......##
#.# ##........$.# ....
##............ .#.#.
#.!........... #....
###....>........ #.#.#
......%........######...
#....##.).#...........#.
#.#.# #......####.......


You could see 2 orc priests.

Vanquished Creatures
  A worker ant (D:2)
  An adder (D:3)
  An ooze (D:1)
  3 worms
  A dart slug (D:1)
  An orc (D:3)
  2 ball pythons
  5 goblins
  8 hobgoblins
  4 kobolds
  2 quokkas (D:2)
  5 bats
  4 frilled lizards
  5 rats
43 creatures vanquished.

Notes
Turn   | Place    | Note
-------+----------+-------------------------------------------
     0 | Abyss:1  | Froggeryz the Minotaur Abyssal Knight began the quest for
                  | the Orb.
     0 | Abyss:1  | Reached XP level 1. HP: 19/19 MP: 1/1
    73 | Abyss:1  | Noticed an iron imp
    76 | Abyss:1  | Noticed a small abomination
    77 | Abyss:1  | Noticed an ancient zyme
    94 | D:1      | Escaped the Abyss
   132 | D:1      | Reached skill level 3 in Maces & Flails
   208 | D:1      | Reached * piety under Lugonu
   291 | D:1      | Reached XP level 2. HP: 23/26 MP: 2/2
   951 | D:2      | Reached skill level 4 in Maces & Flails
  1378 | D:2      | Reached XP level 3. HP: 31/31 MP: 3/3
  1417 | D:2      | Reached skill level 5 in Maces & Flails
  1953 | D:2      | Reached XP level 4. HP: 13/39 MP: 4/4
  2365 | D:3      | Reached ** piety under Lugonu
  2371 | D:3      | Killed from afar by an orc priest

Levels and vault maps discovered:
D:1:      beargit_arrival_greenhouse, layout_basic
D:2:      layout_basic
D:3:      layout_rooms, minmay_misc_feat_ornament, corexii_corridor_pit,
          hex_large

Skill      XL: |  1  2  3 |
---------------+----------+-----
Maces & Flails | 3 4 5 |  5.7
Fighting       | |  3.6
Armour         | |  2.4
Dodging        | |  1.1
Invocations    | |  1.7

Action                   |  1- 3 |  4- 6 || total
-------------------------+-------+-------++-------
Melee: Mace              |    90 |    31 ||   121
       Headbutt          |    12 |     3 ||    15
       Short sword       |     1 |       ||     1
Invok: Depart the Abyss  |     1 |       ||     1
  Use: Potion            |       |     1 ||     1
  Eat: Chunk             |     3 |     2 ||     5
Armor: Leather armour    |    17 |    10 ||    27
Dodge: Dodged            |    66 |    22 ||    88

Table legend:
 A = Non-vault XP
 B = Vault XP
 C = Vault XP percentage of total XP
 D = Non-vault monster count
 E = Vault monster count
 F = Vault count percentage of total count
                 A         B        C        D         E       F
            +---------+---------+-------+---------+---------+-------
      Total |     133 |       0 |   0.0 |      43 |       0 |   0.0
            +---------+---------+-------+---------+---------+-------
        D:1 |      22 |       0 |   0.0 |       9 |       0 |   0.0
        D:2 |      81 |       0 |   0.0 |      24 |       0 |   0.0
        D:3 |      30 |       0 |   0.0 |      10 |       0 |   0.0
            +---------+---------+-------+---------+---------+-------
